Map: 永恒梦境-天梯版

Players

正义的泉水沟 (BreakingGG) - Winner!

  • Race: Zerg Zerg
  • League: Master

iGXiGua (XiGua)

  • Race: Zerg Zerg

Event: DreamHack SC2 Masters 2020 Summer China

VOD

Have the link to the VOD?

Description

Time

  • Played on: July 1, 2020, 7:57 a.m.
  • Length: 12:34

All games in this series

Show
View Real Time Build Order
Export as new Build Order

正义的泉水沟 Zerg - Winner!

Build Orders: Hatch First 

Get SALT Encoding   

  12  0:00  Drone  
  13  0:07  Drone  
  14  0:33  Hatchery  
  13  0:36  Drone  
  14  0:43  Extractor  
  13  0:54  Spawning Pool  
  12  0:59  Drone  
  12  1:02  Drone  
  14  1:14  Overlord  
  14  1:21  Drone, Extractor  
  15  1:41  Zergling x2  
  15  1:43  Metabolic Boost  
  15  1:46  Queen  
  18  1:49  Zergling x2  
  18  1:53  Zergling x2  
  20  1:58  Zergling x2  
  20  2:01  Zergling x2  
  22  2:04  Zergling x2  
  23  2:10  Zergling x2  
  23  2:13  Zergling x2  
  25  2:18  Zergling x2  
  25  2:21  Zergling x2  
  27  2:30  Zergling x2  
  28  2:43  Overlord  
  28  2:46  Extractor  
  28  2:48  Zergling x2  
  29  3:02  Drone  
  29  3:03  Zergling x12  
  36  3:12  Zergling x2  
  35  3:18  Zergling x2  
  35  3:21  Zergling x2  
  35  3:25  Zergling x2  
  34  3:31  Drone  
  34  3:34  Queen  
  34  3:38  Overlord  
  34  3:40  Overlord  
  36  3:58  Drone  
  36  3:59  Drone x2  
  39  4:08  Drone x2  
  41  4:14  Drone  
  39  4:19  Drone  
  39  4:23  Drone x2  
  39  4:24  Drone x2, Baneling Nest  
  43  4:34  Drone x2  
  45  4:41  Drone  
  45  4:44  Drone  
  47  4:52  Drone x2  
  49  4:57  Zergling x2  
  50  5:01  Drone  
  50  5:02  Drone, Overlord  
  50  5:05  Overlord  
  52  5:07  Evolution Chamber  
  52  5:10  Drone  
  52  5:17  Baneling  
  52  5:18  Baneling  
  52  5:19  Hatchery  
  52  5:20  Roach Warren  
  50  5:24  Drone x3  
  53  5:33  Baneling x2  
  53  5:34  Drone x3  
  50  5:47  Zergling x8  
  51  5:50  Baneling x2  
  50  6:04  Zergling x6  
  50  6:05  Drone  
  50  6:08  Queen  
  50  6:10  Extractor  
  57  6:11  Extractor  
  57  6:14  Hatchery  
  57  6:16  Drone x4  
  59  6:24  Lair, Overlord  
  57  6:32  Drone  
  58  6:37  Extractor  
  57  6:42  Drone x2  
  57  6:43  Drone, Overlord  
  60  6:48  Roach  
  58  6:56  Roach  
  58  6:59  Pneumatized Carapace  
  58  7:00  Overlord  
  60  7:03  Roach  
  60  7:04  Roach x5  
  60  7:07  Drone  
  73  7:12  Overlord  
  73  7:18  Overlord  
  73  7:26  Overlord  
  73  7:28  Queen  
  73  7:29  Drone  
  73  7:30  Roach  
  73  7:33  Glial Reconstitution  
  73  7:34  Overlord  
  73  7:35  Drone  
  76  7:39  Roach  
  76  7:40  Roach x5  
  88  7:46  Roach  
  88  7:49  Roach  
  88  7:50  Roach  
  94  7:58  Roach  
  94  7:59  Roach  
  94  8:00  Roach x2  
  94  8:02  Roach  
  94  8:03  Roach  
  106  8:07  Roach x3  
  106  8:08  Ravager  
  106  8:11  Roach, Drone  
  114  8:20  Roach  
  114  8:21  Overlord  
  114  8:22  Drone  
  114  8:26  Roach  
  105  8:28  Overlord  
  105  8:29  Zerg Missile Weapons Level 1, Drone x2  
  105  8:33  Drone x3  
  102  8:34  Overlord  
  102  8:37  Roach, Ravager  
  102  8:38  Overseer, Overlord, Extractor  
  102  8:40  Overlord  
  104  8:43  Drone x3  
  107  8:49  Roach x2  
  107  8:53  Nydus Network  
  110  8:56  Roach x2  
  110  9:02  Roach x4  
  122  9:03  Overlord  
  122  9:13  Roach  
  122  9:14  Roach x3  
  122  9:15  Roach x2  
  134  9:22  Roach  
  134  9:23  Roach x3  
  142  9:27  Roach x2  
  142  9:31  Nydus Canal  
  146  9:37  Roach  
  146  9:38  Roach x3  
  154  9:43  Roach x3  
  128  9:54  Nydus Canal  
  128  9:56  Roach x4  
  119  10:00  Roach  
  119  10:01  Roach x2  
  119  10:06  Roach x3  
  112  10:08  Roach  
  112  10:11  Drone  
  112  10:12  Roach x2  
  118  10:16  Roach x2  
  120  10:27  Roach x5  
  114  10:32  Roach x2  
  114  10:35  Roach  
  107  10:39  Roach x2  
  103  10:43  Roach  
  103  10:44  Drone, Roach  
  100  10:56  Roach x5  
  110  11:04  Roach x3  
  110  11:05  Nydus Canal  
  110  11:08  Roach  
  108  11:15  Roach  
  108  11:16  Roach x2  
  104  11:21  Roach x2  
  104  11:23  Roach  
  104  11:25  Roach  
  106  11:31  Roach x2  
  100  11:37  Roach x3  
  100  11:44  Roach x3  
  100  11:45  Ravager  
  101  11:49  Roach x2  
  101  11:51  Nydus Canal  
  96  11:56  Roach x2  
  96  12:01  Roach x2  
  98  12:09  Roach  
Show
View Real Time Build Order
Export as new Build Order

iGXiGua Zerg 

Build Orders: Hatch First 

Get SALT Encoding   

  12  0:01  Drone  
  13  0:12  Overlord  
  13  0:16  Drone  
  14  0:30  Drone x2  
  16  0:47  Hatchery  
  15  0:51  Drone  
  15  0:54  Drone  
  17  0:57  Drone  
  18  1:07  Extractor  
  17  1:13  Spawning Pool  
  17  1:15  Drone  
  17  1:19  Drone  
  18  1:28  Drone  
  19  1:39  Drone  
  20  1:50  Overlord  
  20  1:59  Queen x2  
  20  2:00  Zergling x2  
  25  2:04  Drone  
  25  2:07  Metabolic Boost  
  26  2:09  Drone  
  26  2:12  Drone  
  28  2:21  Zergling x2  
  29  2:26  Overlord  
  29  2:34  Baneling Nest  
  29  2:35  Overlord  
  28  2:39  Overlord  
  28  2:42  Overlord  
  28  2:44  Zergling x2  
  29  2:53  Zergling x2  
  29  2:55  Zergling x2  
  29  2:58  Spine Crawler  
  30  3:05  Zergling x4  
  32  3:09  Zergling x4  
  32  3:12  Zergling x2  
  32  3:15  Zergling x2  
  32  3:17  Baneling  
  32  3:18  Baneling  
  32  3:19  Baneling  
  32  3:20  Baneling  
  32  3:21  Zergling x2  
  32  3:23  Zergling x2  
  30  3:27  Zergling x2  
  29  3:36  Queen  
  31  3:44  Drone x2  
  33  3:49  Drone x2  
  33  3:52  Drone  
  36  4:00  Queen  
  38  4:04  Drone  
  38  4:07  Drone  
  40  4:10  Drone  
  40  4:12  Drone  
  40  4:13  Drone  
  42  4:23  Drone x2  
  43  4:34  Drone x2  
  45  4:45  Hatchery  
  43  4:48  Zergling x10  
  48  4:53  Zergling x2  
  50  5:02  Hatchery, Zergling x2  
  50  5:09  Zergling x10  
  50  5:14  Queen  
  55  5:15  Lair  
  55  5:19  Overlord  
  55  5:20  Evolution Chamber  
  56  5:23  Zergling x2  
  56  5:24  Baneling x2  
  56  5:26  Baneling x2  
  55  5:31  Drone x2  
  55  5:32  Drone x2  
  55  5:43  Drone x2  
  54  5:50  Extractor  
  54  5:51  Zerg Missile Weapons Level 1, Extractor  
  54  5:52  Roach Warren  
  54  5:53  Drone x4  
  50  6:10  Drone x2  
  52  6:17  Drone x2  
  54  6:20  Overlord  
  53  6:25  Zergling x2  
  53  6:26  Zergling x8  
  53  6:32  Overlord  
  58  6:33  Zergling x2  
  58  6:35  Baneling x2  
  58  6:36  Glial Reconstitution, Roach  
  60  6:41  Roach  
  60  6:44  Roach x3  
  60  6:45  Roach x3  
  73  6:48  Roach  
  73  6:50  Baneling  
  73  6:52  Roach  
  75  6:56  Roach  
  77  7:01  Roach  
  77  7:02  Overlord  
  77  7:06  Overlord  
  77  7:07  Overlord  
  79  7:11  Overlord  
  79  7:12  Overlord  
  79  7:14  Roach  
  81  7:16  Overlord  
  81  7:20  Overlord  
  81  7:23  Roach  
  81  7:24  Roach  
  81  7:28  Roach  
  87  7:30  Roach  
  87  7:34  Roach x2  
  91  7:38  Roach  
  91  7:39  Roach  
  95  7:48  Roach x4  
  103  7:55  Zerg Missile Weapons Level 2  
  103  7:59  Roach  
  103  8:00  Overlord  
  103  8:03  Drone x3  
  103  8:05  Drone  
  109  8:08  Drone  
  109  8:09  Drone  
  111  8:13  Drone  
  111  8:14  Drone x2  
  111  8:18  Drone  
  111  8:19  Drone  
  111  8:20  Drone  
  111  8:23  Drone  
  111  8:24  Drone  
  111  8:25  Drone  
  102  8:27  Drone  
  102  8:29  Extractor  
  102  8:30  Extractor  
  102  8:33  Roach x2  
  93  8:36  Overseer, Roach  
  95  8:42  Roach x2  
  95  8:43  Pneumatized Carapace  
  99  8:51  Roach x4  
  99  8:52  Overseer  
  107  9:01  Drone  
  107  9:02  Drone  
  109  9:06  Drone x2  
  109  9:07  Drone  
  109  9:08  Extractor  
  111  9:10  Drone  
  111  9:13  Hatchery  
  111  9:16  Roach x4  
  119  9:18  Ravager  
  119  9:19  Ravager x2  
  119  9:21  Roach x2  
  127  9:26  Overlord x2  
  127  9:28  Roach  
  127  9:29  Ravager  
  130  9:32  Roach x2  
  130  9:34  Spine Crawler  
  130  9:38  Roach x3  
  129  9:46  Roach x4  
  129  9:50  Roach x2  
  126  9:55  Roach x2  
  126  9:58  Roach  
  114  10:01  Drone x2  
  101  10:08  Roach x2  
  101  10:11  Roach  
  105  10:19  Roach x3  
  103  10:23  Roach  
  103  10:26  Roach  
  91  10:29  Roach x2  
  91  10:34  Roach  
  84  10:37  Roach  
  84  10:41  Roach  
  79  10:49  Roach x3  
  85  10:53  Roach  
  89  10:57  Roach x2  
  89  11:03  Roach x3  
  97  11:08  Roach  
  97  11:11  Roach x2  
  97  11:16  Roach  
  87  11:19  Roach x2  
  87  11:22  Roach  
  79  11:26  Roach  
  79  11:30  Roach  
  75  11:34  Roach  
  75  11:38  Roach  
  71  11:45  Roach  
  59  11:50  Roach  
  55  11:54  Roach  
  55  12:00  Roach  
  53  12:07  Roach  
  55  12:10  Roach  
Tags
 
Add a new tag
Caveats
  • Supply blocks, unpowered buildings, or Contaminate may cause inaccurate times.
  • Supply counts are checked every 10 seconds.